[Event "January 9 Early 2024"]
[Site "https://www.chess.com"]
[Date "2024.01.11"]
[Round "6"]
[White "Indjic, Aleksandar"]
[Black "Vela Frago, Alberto"]
[Result "1-0"]
[Board "197"]
[TimeControl "180+1"]
[WhiteFideId "911925"]
[BlackFideId "24531685"]
[WhiteElo "2891"]
[BlackElo "2354"]
[WhiteTeam "SRB"]
[BlackTeam "ESP"]
[WhiteClock "0:00:17"]
[BlackClock "0:00:01"]

1. d4 Nf6 2. c4 g6 3. Nc3 Bg7 4. e4 d6 5. Nf3 O-O 6. Bd3 Na6 7. Bg5 h6 8. Bd2 e5 9. d5 Nc5 10. Bc2 a5 11. Be3 Nfd7 12. g4 a4 13. Rg1 c6 14. dxc6 bxc6 15. Qxd6 Qa5 16. a3 Ba6 17. O-O-O Bxc4 18. Nh4 Rfb8 19. Qd2 Qb6 20. Bxa4 Nd3+ 21. Kb1 Qxb2+ 22. Qxb2 Rxb2+ 23. Ka1 Rb7 24. Rb1 Rxb1+ 25. Rxb1 N7c5 26. Bxc5 Nxc5 27. Bc2 Rxa3+ 28. Kb2 Ra8 29. Kc1 Bf6 30. Nf3 Bd3 31. Rb6 Rc8 32. Kd2 Bxc2 33. Kxc2 Ne6 34. Na4 Nd4+ 35. Nxd4 exd4 36. Nb2 Bg5 37. Nc4 c5 38. Kd3 Bf4 39. h3 Ra8 40. e5 Ra1 41. f3 Rh1 42. Ke4 g5 43. Nd6 Rxh3 44. Rb8+ Kg7 45. Nf5+ Kh7 46. Rb7 d3 47. Rxf7+ Kg8 48. e6 Rh1 49. Ne7+ Kh8 50. Ng6+ Kg8 51. Kf5 Re1 52. Kf6 d2 53. Rg7# 1-0

[Event "January 9 Early 2024"]
[Site "https://www.chess.com"]
[Date "2024.01.11"]
[Round "6"]
[White "Wagner, Dennis"]
[Black "Erzhanov, Arman"]
[Result "0-1"]
[Board "198"]
[TimeControl "180+1"]
[WhiteFideId "24650684"]
[BlackFideId "4138821"]
[WhiteElo "2736"]
[BlackElo "2541"]
[WhiteTeam "GER"]
[BlackTeam "KAZ"]
[WhiteClock "0:00:03"]
[BlackClock "0:00:01"]

1. c4 d6 2. Nc3 e5 3. g3 g6 4. Bg2 Bg7 5. d3 Nc6 6. Rb1 a5 7. a3 Be6 8. b4 axb4 9. axb4 Qd7 10. b5 Nd8 11. h4 Nf6 12. Bg5 h6 13. Bxf6 Bxf6 14. Nd5 Bg7 15. h5 g5 16. b6 Bxd5 17. cxd5 O-O 18. bxc7 Qxc7 19. g4 f5 20. gxf5 Rxf5 21. Be4 Qc3+ 22. Kf1 Rf7 23. e3 Ra2 24. Ne2 Qa5 25. Qc1 Rc7 26. Qe1 Qa3 27. Nc1 Rac2 28. Kg2 Rf7 29. Rf1 Qa4 30. Ne2 Qd7 31. Ng3 Qg4 32. Qd1 Qc8 33. Bf5 Qc7 34. Qg4 Kh8 35. Ne4 b6 36. Bg6 Rf8 37. Rb3 Nb7 38. Rfb1 Nc5 39. Rxb6 Nxd3 40. Rb7 Qc4 41. Qd7 Rcxf2+ 0-1

[Event "January 9 Early 2024"]
[Site "https://www.chess.com"]
[Date "2024.01.11"]
[Round "6"]
[White "Olenik Campa, Rudi"]
[Black "Garbarino, Rodolfo"]
[Result "1-0"]
[Board "199"]
[TimeControl "180+1"]
[WhiteFideId "14633264"]
[BlackFideId "100412"]
[WhiteElo "2557"]
[BlackElo "2363"]
[WhiteTeam "SLO"]
[BlackTeam "ARG"]
[WhiteClock "0:00:05"]
[BlackClock "0:00:19"]

1. e4 e5 2. Nf3 Nc6 3. Bc4 Bc5 4. Qe2 d6 5. O-O Bg4 6. c3 Qf6 7. a4 a6 8. b4 Ba7 9. b5 Na5 10. Ba2 Ne7 11. bxa6 bxa6 12. h3 Bxf3 13. Qxf3 Qxf3 14. gxf3 Ng6 15. d3 Rb8 16. Be3 Bxe3 17. fxe3 Nb3 18. Bxb3 Rxb3 19. Rf2 Ke7 20. Rc2 Rhb8 21. Nd2 Rb2 22. Rac1 c6 23. d4 d5 24. Kf2 Kd6 25. Ke2 Ke6 26. c4 dxe4 27. fxe4 c5 28. dxc5 Kd7 29. Nf3 f6 30. h4 Kc6 31. h5 Nf8 32. Kd3 R8b3+ 33. Ke2 Kxc5 34. Rxb2 Rxb2+ 35. Nd2 Ra2 36. Rg1 Ne6 37. h6 g6 38. Rf1 Ng5 39. Kd3 Rxd2+ 40. Kxd2 Nxe4+ 41. Kd3 f5 42. Rb1 Nf2+ 43. Ke2 Ne4 44. Rb7 Nf6 45. Rf7 Ng4 46. Rxh7 Kxc4 47. Rc7+ Kb4 48. h7 Kxa4 49. h8=Q Kb5 50. Qb8+ Ka5 51. Rc5+ Ka4 52. Qb6 a5 53. Rxa5# 1-0

[Event "January 9 Early 2024"]
[Site "https://www.chess.com"]
[Date "2024.01.11"]
[Round "6"]
[White "Sjugirov, Sanan"]
[Black "Sokolovsky, Yahli"]
[Result "1-0"]
[Board "200"]
[TimeControl "180+1"]
[WhiteFideId "4189302"]
[BlackFideId "2820242"]
[WhiteElo "2970"]
[BlackElo "2773"]
[WhiteTeam "HUN"]
[BlackTeam "ISR"]
[WhiteClock "0:00:10"]
[BlackClock "0:00:13"]

1. e4 d6 2. d4 g6 3. Nc3 Bg7 4. Nf3 a6 5. a4 b6 6. Be3 Bb7 7. h3 Nd7 8. Qd2 Rc8 9. Bd3 c5 10. O-O cxd4 11. Nxd4 Ngf6 12. Bh6 O-O 13. Bxg7 Kxg7 14. f4 e5 15. Nf3 Qe7 16. Rae1 Nc5 17. f5 h6 18. Qe3 Rg8 19. Nd2 g5 20. Nc4 Qc7 21. b3 Bc6 22. Ra1 Ra8 23. Qe2 b5 24. axb5 axb5 25. Nd2 b4 26. Rxa8 Rxa8 27. Nd1 Qb7 28. Nf2 Re8 29. h4 d5 30. hxg5 hxg5 31. Qe3 Qe7 32. Qxg5+ Kh8 33. Qh6+ Kg8 34. Re1 d4 35. Rf1 Ncd7 36. Nh3 Qf8 37. Qh4 Qg7 38. Rf3 Kf8 39. Rg3 Qh7 40. Qxh7 Nxh7 41. Nf2 Ra8 42. Kf1 Nhf6 43. Rh3 Ke7 44. Ke2 Nc5 45. g4 Rg8 46. Rg3 Nh7 47. Nf3 Kf6 48. g5+ Nxg5 49. Ng4+ Ke7 50. Ngxe5 Nxf3 51. Nxc6+ Kf8 52. Rxg8+ Kxg8 53. Kxf3 1-0

[Event "January 9 Early 2024"]
[Site "https://www.chess.com"]
[Date "2024.01.11"]
[Round "6"]
[White "Kobalia, Mikhail"]
[Black "Shohat, Yotam"]
[Result "1-0"]
[Board "201"]
[TimeControl "180+1"]
[WhiteFideId "4119150"]
[BlackFideId "2813955"]
[WhiteElo "2766"]
[BlackElo "2438"]
[WhiteTeam "FID"]
[BlackTeam "ISR"]
[WhiteClock "0:00:10"]
[BlackClock "0:00:05"]

1. e4 c5 2. Nf3 d6 3. Bc4 Nf6 4. d3 Nc6 5. a3 g6 6. O-O Bg7 7. h3 O-O 8. Re1 a6 9. Nbd2 b5 10. Ba2 Bb7 11. c3 Nd7 12. Nf1 e6 13. d4 Re8 14. Be3 Na5 15. Ng3 Nc4 16. Bxc4 bxc4 17. Nd2 cxd4 18. cxd4 Nb6 19. Rc1 Rc8 20. Nb1 Qd7 21. Nc3 Rb8 22. d5 Ba8 23. dxe6 fxe6 24. Bd4 e5 25. Be3 Rec8 26. Nf1 d5 27. Bxb6 Rxb6 28. exd5 Rxb2 29. Ne3 Rb3 30. Ne4 Rd3 31. Qe2 Bxd5 32. Nxd5 Qxd5 33. Rc2 Qd4 34. Rb1 Rd8 35. Rb4 Rd1+ 36. Kh2 Qa1 37. Qxc4+ Kh8 38. Ng5 Rh1+ 39. Kg3 h6 40. Nf7+ Kh7 41. Nxd8 e4 42. Qxe4 Qg1 43. Rb6 Be5+ 44. Kf3 Qd1+ 45. Re2 Rxh3+ 46. gxh3 Qh1+ 47. Ke3 Qc1+ 48. Rd2 Qc5+ 49. Ke2 1-0

[Event "January 9 Early 2024"]
[Site "https://www.chess.com"]
[Date "2024.01.11"]
[Round "6"]
[White "Cieslak, Patryk"]
[Black "Aravindh, Chithambaram VR."]
[Result "0-1"]
[Board "202"]
[TimeControl "180+1"]
[WhiteFideId "21078882"]
[BlackFideId "5072786"]
[WhiteElo "2697"]
[BlackElo "2933"]
[WhiteTeam "POL"]
[BlackTeam "IND"]
[WhiteClock "0:00:02"]
[BlackClock "0:00:14"]

1. e4 Nf6 2. e5 Nd5 3. d4 d6 4. Nf3 dxe5 5. Nxe5 c6 6. Be2 g6 7. O-O Bg7 8. Nf3 O-O 9. c4 Nb6 10. Nc3 Bg4 11. Qb3 N8d7 12. Be3 Qc7 13. h3 Bxf3 14. Bxf3 e5 15. d5 cxd5 16. Bxb6 Nxb6 17. Nxd5 Nxd5 18. Bxd5 Rab8 19. Rac1 b6 20. Qa3 Rfd8 21. Rfd1 Bf8 22. Qf3 Kg7 23. b3 Bc5 24. Qc3 Qe7 25. Re1 Re8 26. Re2 Rbc8 27. Rce1 Bb4 28. Qf3 Bxe1 29. Rxe1 f5 30. g4 Qg5 31. Kh2 e4 32. Qg3 f4 33. Qg2 e3 34. fxe3 fxe3 35. Qg3 Qe5 36. Qxe5+ Rxe5 37. Kg3 Rf8 38. Bf3 g5 39. Re2 Rf4 40. h4 h6 41. hxg5 hxg5 42. Re1 Rd4 43. Rh1 Rd2 44. Re1 Rxa2 45. Bd5 Rd2 46. b4 b5 0-1

[Event "January 9 Early 2024"]
[Site "https://www.chess.com"]
[Date "2024.01.11"]
[Round "6"]
[White "Hejazipour, Mitra"]
[Black "Domalchuk-Jonasson, Aleksandr"]
[Result "0-1"]
[Board "203"]
[TimeControl "180+1"]
[WhiteFideId "12505951"]
[BlackFideId "14142805"]
[WhiteElo "2458"]
[BlackElo "2628"]
[WhiteTeam "FRA"]
[BlackTeam "ISL"]
[WhiteClock "0:00:01"]
[BlackClock "0:00:05"]

1. e4 g6 2. d4 Bg7 3. Nc3 a6 4. a4 d6 5. Nf3 Nf6 6. Bc4 O-O 7. O-O Bg4 8. h3 Bxf3 9. Qxf3 Nc6 10. Qd1 e5 11. d5 Ne7 12. Be3 Nh5 13. Be2 Nf4 14. Qd2 Nxe2+ 15. Nxe2 f5 16. f3 f4 17. Bf2 g5 18. c4 h5 19. c5 g4 20. Bh4 Qd7 21. cxd6 cxd6 22. hxg4 Ng6 23. Bg5 hxg4 24. Nc3 gxf3 25. gxf3 Kf7 26. Qg2 Rh8 27. Kf2 Rag8 28. Rh1 Qc7 29. Qg4 Qb6+ 30. Ke2 Qe3+ 31. Kd1 Rxh1+ 32. Kc2 Rh2+ 33. Kb1 Rh1+ 34. Kc2 Rh2+ 35. Kb1 Re8 36. Qf5+ Kg8 37. Qxg6 Rf8 38. Qe6+ Kh8 39. Be7 Qe1+ 40. Ka2 Qxc3 41. Rb1 Qc4+ 42. Ka3 Qc5+ 43. Ka2 Qc4+ 44. Ka3 Re8 45. Qf7 Qc5+ 46. Ka2 Qc4+ 47. Ka3 Qc8 48. Bf6 Rg8 0-1

[Event "January 9 Early 2024"]
[Site "https://www.chess.com"]
[Date "2024.01.11"]
[Round "6"]
[White "Drygalov, Sergey"]
[Black "Makarian, Rudik"]
[Result "0-1"]
[Board "204"]
[TimeControl "180+1"]
[WhiteFideId "24171743"]
[BlackFideId "44105681"]
[WhiteElo "2944"]
[BlackElo "3095"]
[WhiteTeam "RUS"]
[BlackTeam "FID"]
[WhiteClock "0:00:04"]
[BlackClock "0:00:09"]

1. d4 Nf6 2. c4 e6 3. Nf3 d5 4. Nc3 dxc4 5. e4 b5 6. e5 Nd5 7. Nxb5 Nb6 8. Be2 Nc6 9. Be3 Bb4+ 10. Nc3 Ne7 11. O-O Nf5 12. Na4 O-O 13. Nxb6 axb6 14. Bxc4 Bb7 15. a3 Be7 16. Rc1 c5 17. dxc5 Nxe3 18. fxe3 Bxc5 19. Qe2 Bxf3 20. Rxf3 Qg5 21. Rcf1 Qxe5 22. Qf2 Ra7 23. Kh1 g6 24. Qe2 Kg7 25. Qc2 h5 26. a4 Bd6 27. g3 f5 28. Bb5 h4 29. Qc3 Qxc3 30. bxc3 hxg3 31. hxg3 Kf6 32. e4 Rh8+ 33. Kg2 Rah7 34. Kf2 Rh2+ 35. Ke3 Rg2 36. exf5 exf5 37. Kd4 Rxg3 38. Kd5 Rd8 39. Kc6 Rxf3 40. Rxf3 Bc5 41. a5 Rd6+ 42. Kc7 bxa5 43. c4 g5 44. Bd7 f4 45. Rh3 Ke5 46. Rh5 Rg6 0-1

[Event "January 9 Early 2024"]
[Site "https://www.chess.com"]
[Date "2024.01.11"]
[Round "6"]
[White "Bolat, Inayat"]
[Black "Janaszak, Dawid"]
[Result "0-1"]
[Board "205"]
[TimeControl "180+1"]
[WhiteFideId "13733125"]
[BlackFideId "1119206"]
[WhiteElo "2425"]
[BlackElo "2616"]
[WhiteTeam "KAZ"]
[BlackTeam "POL"]
[WhiteClock "0:00:01"]
[BlackClock "0:00:10"]

1. d4 Nf6 2. Nc3 d5 3. Bg5 Nbd7 4. e3 c5 5. Nf3 Qb6 6. Rb1 e6 7. Be2 cxd4 8. exd4 Ne4 9. Bf4 Bb4 10. O-O O-O 11. a3 Bd6 12. Ne5 f6 13. Nxe4 fxe5 14. Nxd6 Rxf4 15. dxe5 Nxe5 16. Qd2 Rf6 17. Nxc8 Rxc8 18. c3 Rcf8 19. Qe3 Qxe3 20. fxe3 Kf7 21. Rf4 Ke7 22. Rbf1 b6 23. a4 Rc8 24. a5 bxa5 25. Ra4 Rxf1+ 26. Bxf1 Rc5 27. b4 Rxc3 28. Rxa5 Kf6 29. Rxa7 Rxe3 30. b5 Re1 31. Kf2 Rb1 32. Be2 d4 33. Ra3 Rb2 34. Ke1 g5 35. h3 h6 36. g4 Ke7 37. Kd1 Kd6 38. Ra6+ Kd5 39. Ra3 Ke4 40. Ke1 d3 41. Bd1 Rxb5 42. Rc3 Kd4 43. Ra3 Ke3 44. Ra6 Rb4 45. Rxe6 Re4 46. Kf1 Kd2 47. Bf3 Re1+ 48. Kf2 Nxf3 0-1

[Event "January 9 Early 2024"]
[Site "https://www.chess.com"]
[Date "2024.01.11"]
[Round "6"]
[White "Mammadzada, Gunay"]
[Black "Biriukov, Ilja"]
[Result "1-0"]
[Board "206"]
[TimeControl "180+1"]
[WhiteFideId "13403729"]
[BlackFideId "4113373"]
[WhiteElo "2513"]
[BlackElo "2256"]
[WhiteTeam "AZE"]
[BlackTeam "RUS"]
[WhiteClock "0:00:07"]
[BlackClock "0:00:02"]

1. e4 e6 2. d4 d5 3. Nd2 Nf6 4. e5 Nfd7 5. Bd3 b6 6. Ne2 c5 7. c3 Ba6 8. Bxa6 Nxa6 9. O-O Be7 10. Nf3 Rc8 11. Qa4 Nc7 12. Qxa7 Ra8 13. Qb7 O-O 14. dxc5 bxc5 15. Qb3 f6 16. exf6 Nxf6 17. Qc2 Ne4 18. Ng3 Nxg3 19. hxg3 Bd6 20. Ng5 g6 21. Qe2 Qf6 22. Qg4 h5 23. Qh3 Rae8 24. g4 Bf4 25. Nf3 hxg4 26. Qxg4 Bxc1 27. Raxc1 Qf5 28. Qg3 Re7 29. Nh4 Qf6 30. Qxg6+ Rg7 31. Qxf6 Rxf6 32. g3 e5 33. Rce1 e4 34. Ng2 Ne6 35. Rd1 Rf5 36. Ne3 Rh5 37. Rxd5 Ng5 38. g4 Nf3+ 39. Kg2 Rh2+ 40. Kg3 Rgh7 41. Rd8+ Kf7 42. Rd7+ Kg6 43. Rxh7 1-0

[Event "January 9 Early 2024"]
[Site "https://www.chess.com"]
[Date "2024.01.11"]
[Round "6"]
[White "Narayanan S L"]
[Black "Lagarde, Maxime"]
[Result "0-1"]
[Board "207"]
[TimeControl "180+1"]
[WhiteFideId "5058422"]
[BlackFideId "662399"]
[WhiteElo "3003"]
[BlackElo "2826"]
[WhiteTeam "IND"]
[BlackTeam "FRA"]
[WhiteClock "0:00:05"]
[BlackClock "0:00:09"]

1. b3 e5 2. Bb2 Nc6 3. c4 Nf6 4. Nf3 e4 5. Nd4 Bc5 6. Nf5 g6 7. Ng3 O-O 8. e3 Re8 9. Nc3 h5 10. h4 d6 11. Na4 Ne5 12. Nxc5 dxc5 13. Qc2 Bg4 14. Bxe5 Rxe5 15. Be2 Bxe2 16. Nxe2 Qd6 17. Nf4 a5 18. a4 Rf5 19. O-O-O Rxf4 20. exf4 Qxf4 21. f3 exf3 22. gxf3 Rd8 23. Qc3 b6 24. Rde1 Rd4 25. Re3 Kg7 26. Rd3 Nd7 27. Re3 Ne5 28. Rhe1 Nc6 29. Re4 Qf6 30. R1e3 Nb4 31. Kd1 Kh7 32. Re7 Nc6 33. Rxc7 Ne5 34. Re4 Nxf3 35. Rxd4 Nxd4 36. Qd3 Kg7 37. Kc1 Qxh4 38. Qe3 Qf6 39. Rc8 h4 40. Qe8 Nxb3+ 41. Kb1 Kh6 42. Qe3+ g5 43. Rg8 Qa1+ 44. Kc2 Nd4+ 45. Kd3 Qb1+ 0-1

[Event "January 9 Early 2024"]
[Site "https://www.chess.com"]
[Date "2024.01.11"]
[Round "6"]
[White "Onyshchuk, Volodymyr"]
[Black "Matlakov, Maxim"]
[Result "1-0"]
[Board "208"]
[TimeControl "180+1"]
[WhiteFideId "14114038"]
[BlackFideId "4168003"]
[WhiteElo "2774"]
[BlackElo "2927"]
[WhiteTeam "UKR"]
[BlackTeam "RUS"]
[WhiteClock "0:00:15"]
[BlackClock "0:00:13"]

1. e4 c5 2. Nf3 e6 3. b3 a6 4. Bb2 Nc6 5. g3 d6 6. Bg2 e5 7. O-O g6 8. c3 Bg7 9. d4 cxd4 10. cxd4 Bg4 11. dxe5 Nxe5 12. Kh1 Ne7 13. h3 Bxf3 14. Bxf3 O-O 15. Bg2 Rc8 16. Nc3 Qb6 17. Rc1 Rfd8 18. Qe2 N5c6 19. Rfd1 Qa5 20. Qd2 h5 21. a3 h4 22. b4 Qe5 23. f4 Qd4 24. Qe2 Qa7 25. gxh4 Nd4 26. Qf2 Nb5 27. Qxa7 Nxa7 28. e5 d5 29. Nxd5 Nf5 30. Rxc8 Rxc8 31. Rc1 Rd8 32. Rc7 Nb5 33. Rxb7 Nbd4 34. Bxd4 Nxd4 35. a4 Ne6 36. b5 axb5 37. Rxb5 Bh6 38. a5 Nxf4 39. a6 Nxd5 40. Bxd5 Be3 41. Kg2 Rc8 42. Kf3 Rc3 43. Ke4 Bf2 44. Rb7 Re3+ 45. Kf4 Ra3 46. Rxf7 Kh8 47. Rf8+ Kg7 48. Rg8+ Kh6 49. Ra8 Bg3+ 50. Ke4 Ra4+ 51. Kd3 Bxe5 52. Bc6 Rxh4 53. a7 Rxh3+ 54. Ke4 Ra3 55. Kxe5 g5 56. Rh8+ 1-0

[Event "January 9 Early 2024"]
[Site "https://www.chess.com"]
[Date "2024.01.11"]
[Round "6"]
[White "Pinero Rodriguez, Carlos Jose"]
[Black "Fernandez Guillen, Ernesto J."]
[Result "0-1"]
[Board "209"]
[TimeControl "180+1"]
[WhiteFideId "3901726"]
[BlackFideId "3512428"]
[WhiteElo "2562"]
[BlackElo "2784"]
[WhiteTeam "VEN"]
[BlackTeam "CUB"]
[WhiteClock "0:00:15"]
[BlackClock "0:00:05"]

1. e4 e5 2. Nf3 Nc6 3. Bb5 f5 4. d4 fxe4 5. Nxe5 Nxe5 6. dxe5 c6 7. Bc4 Qa5+ 8. Nc3 Qxe5 9. Bxg8 Rxg8 10. Be3 d5 11. Qd2 Qh5 12. Ne2 Bd6 13. h3 Bg4 14. Nf4 Bxf4 15. Bxf4 Rf8 16. O-O Be6 17. Rae1 Qg6 18. f3 O-O-O 19. fxe4 Bxh3 20. Rf2 dxe4 21. Qe3 Be6 22. Qxa7 Rxf4 23. Rxf4 Bd5 24. Qe3 Qd6 25. b3 c5 26. c4 Bc6 27. Rf7 Qg6 28. Qf4 Rd6 29. Rf8+ Kc7 30. Rd1 e3 31. Qxd6+ Qxd6 32. Rxd6 Kxd6 33. Kf1 Ke7 34. Rb8 e2+ 35. Kxe2 Bxg2 36. Ke3 h6 37. Rc8 Bc6 38. Rc7+ Kf6 39. a3 h5 40. b4 cxb4 41. axb4 h4 42. Kf2 g5 43. Rh7 Be4 44. Rh8 Ke5 45. Rg8 Kf4 46. Rf8+ Bf5 47. c5 g4 48. b5 g3+ 49. Kg2 h3+ 50. Kg1 Kg4 51. c6 h2+ 0-1

[Event "January 9 Early 2024"]
[Site "https://www.chess.com"]
[Date "2024.01.11"]
[Round "6"]
[White "Espinoza Villanueva, Rodrigo"]
[Black "Ovezdurdyyeva, Jemal"]
[Result "1/2-1/2"]
[Board "210"]
[TimeControl "180+1"]
[WhiteFideId "5140188"]
[BlackFideId "14001888"]
[WhiteElo "2601"]
[BlackElo "2457"]
[WhiteTeam "MEX"]
[BlackTeam "TKM"]
[WhiteClock "0:00:04"]
[BlackClock "0:00:13"]

1. d4 Nf6 2. c4 b6 3. a3 Bb7 4. Nc3 e6 5. Bf4 d5 6. e3 Bd6 7. Bg5 O-O 8. Nf3 Nbd7 9. cxd5 exd5 10. Bd3 c5 11. O-O Qc7 12. Rc1 Ne4 13. Bh4 a6 14. Bg3 Bxg3 15. hxg3 Qd6 16. Qc2 Ndf6 17. Ne5 Rac8 18. Bxe4 dxe4 19. Nc4 Qe6 20. Ne2 b5 21. Na5 cxd4 22. Qd2 Qb6 23. Nxb7 dxe3 24. fxe3 Qxb7 25. Nd4 Rfd8 26. Qe2 Nd5 27. Rce1 Qc7 28. Qg4 g6 29. Nf5 Qe5 30. Nh6+ Kg7 31. Qh4 f5 32. g4 Qf6 33. Qxf6+ Nxf6 34. g5 Nd5 35. g4 fxg4 36. Nxg4 Rf8 37. Kg2 Rc2+ 38. Kg3 Rxf1 39. Rxf1 Rxb2 40. Rd1 Ne7 41. Rd7 Kf8 42. Kf4 Rb3 43. Ne5 Rxa3 44. Rd8+ Kg7 45. Rd7 Kf8 46. Rd8+ Kg7 47. Rd7 Kf8 1/2-1/2

[Event "January 9 Early 2024"]
[Site "https://www.chess.com"]
[Date "2024.01.11"]
[Round "6"]
[White "Iljin, Timofey"]
[Black "Shuvalova, Polina"]
[Result "1-0"]
[Board "211"]
[TimeControl "180+1"]
[WhiteFideId "14110180"]
[BlackFideId "24171760"]
[WhiteElo "2554"]
[BlackElo "2744"]
[WhiteTeam "UKR"]
[BlackTeam "RUS"]
[WhiteClock "0:00:03"]
[BlackClock "0:00:10"]

1. e4 c6 2. d4 d5 3. e5 Bf5 4. h4 h5 5. Bg5 Qb6 6. Bd3 Bxd3 7. Qxd3 e6 8. Nd2 Ne7 9. Ne2 c5 10. dxc5 Qxc5 11. Nb3 Qc7 12. O-O Nbc6 13. f4 Nf5 14. Ng3 Nxg3 15. Qxg3 a5 16. Rae1 g6 17. Bf6 Rg8 18. a4 Be7 19. f5 exf5 20. Bxe7 Qxe7 21. Rxf5 O-O-O 22. Rf6 Rge8 23. Qc3 Qc7 24. e6 fxe6 25. Rfxe6 Rxe6 26. Rxe6 d4 27. Qc5 Kb8 28. Rxg6 Re8 29. Qxh5 Qf4 30. Qf3 Qe5 31. Qg3 Qxg3 32. Rxg3 Re2 33. c3 Rxb2 34. Nxd4 Ne5 35. h5 Rb1+ 36. Kh2 Rb6 37. Rh3 Rh6 38. Nf3 Ng4+ 39. Kg3 Nf6 40. Kf4 Rh8 41. g4 Nd5+ 42. Ke5 Nxc3 43. g5 Nxa4 44. g6 Nc5 45. g7 Nd7+ 46. Ke6 Rd8 47. h6 Nc5+ 48. Ke7 Rc8 49. h7 Ne4 50. g8=Q 1-0

[Event "January 9 Early 2024"]
[Site "https://www.chess.com"]
[Date "2024.01.11"]
[Round "6"]
[White "Shubenkova, Veronika"]
[Black "Sychev, Klementy"]
[Result "1-0"]
[Board "212"]
[TimeControl "180+1"]
[WhiteFideId "44124040"]
[BlackFideId "4114060"]
[WhiteElo "2595"]
[BlackElo "2785"]
[WhiteTeam "RUS"]
[BlackTeam "FID"]
[WhiteClock "0:00:01"]
[BlackClock "0:00:01"]

1. d4 Nf6 2. e3 d6 3. Nf3 Nbd7 4. Be2 e5 5. O-O e4 6. Nfd2 d5 7. c4 c6 8. Nc3 Be7 9. f3 exf3 10. Nxf3 O-O 11. cxd5 cxd5 12. Bd3 Bd6 13. Bd2 Re8 14. Qb3 Nf8 15. Rae1 Ng6 16. e4 dxe4 17. Nxe4 Be6 18. Nxf6+ gxf6 19. Qa4 a6 20. Be4 Qb6 21. Bc3 Rac8 22. Kh1 Bc4 23. Bxg6 Rxe1 24. Bxh7+ Kxh7 25. Rxe1 Kg7 26. Qd7 Qc6 27. Qg4+ Kf8 28. d5 Bxd5 29. Bxf6 Be6 30. Qg7+ Ke8 31. Nd4 Qe4 32. Nf3 Qf5 33. Ng5 Rc7 34. Nxe6 fxe6 35. Qg8+ Kd7 36. Qf7+ Kc6 37. Qe8+ Kb6 38. Bd4+ Ka5 39. b4+ Bxb4 40. Rd1 Qe4 41. Qd8 Qc6 42. Be5 1-0

[Event "January 9 Early 2024"]
[Site "https://www.chess.com"]
[Date "2024.01.11"]
[Round "6"]
[White "Kantans, Toms"]
[Black "Maksimovic, Bojan"]
[Result "1-0"]
[Board "213"]
[TimeControl "180+1"]
[WhiteFideId "11602945"]
[BlackFideId "14408120"]
[WhiteElo "2640"]
[BlackElo "2882"]
[WhiteTeam "LAT"]
[BlackTeam "BIH"]
[WhiteClock "0:00:10"]
[BlackClock "0:00:11"]

1. e4 a6 2. d4 e6 3. Nf3 d5 4. e5 c5 5. c3 Bd7 6. Be3 cxd4 7. cxd4 Ne7 8. Bd3 Nf5 9. Bxf5 exf5 10. O-O Be7 11. Nc3 Be6 12. Rc1 Nc6 13. Ne1 O-O 14. Nd3 Rc8 15. Qf3 Qd7 16. a3 h6 17. g3 Kh7 18. b4 g5 19. Qe2 f4 20. gxf4 Bh3 21. fxg5 Bxg5 22. Bxg5 Rg8 23. f4 Nxd4 24. Qh5 Qg4+ 25. Qxg4 Bxg4 26. Nxd5 Ne2+ 27. Kf2 Nxc1 28. Nxc1 hxg5 29. Nf6+ Kg6 30. Nxg4 Kf5 31. Nh6+ Kxf4 32. Ne2+ Kxe5 33. Nxg8 Rxg8 34. Rc1 Rh8 35. Rc5+ Ke4 36. Kg2 f5 37. Ng3+ Kd4 38. Nxf5+ Kd3 39. Nd6 Rh7 40. Rxg5 Kc3 41. Rg3+ Kb2 42. Nf5 b5 43. h4 Rh5 44. Rf3 Kc2 45. Kg3 Rh8 46. Kg4 Kd2 47. h5 Ke2 48. Nd4+ Kd2 49. Kg5 Rd8 50. Nf5 Rd4 51. h6 Rd7 52. Rh3 Rd3 53. Rxd3+ Kc2 54. Re3 Kb1 55. h7 Ka1 56. h8=Q+ Ka2 57. Qh2+ Kb1 58. Re1# 1-0

[Event "January 9 Early 2024"]
[Site "https://www.chess.com"]
[Date "2024.01.11"]
[Round "6"]
[White "Gabrielian, Artur"]
[Black "Radzhabov, Rodion"]
[Result "0-1"]
[Board "214"]
[TimeControl "180+1"]
[WhiteFideId "4131002"]
[BlackFideId "884715"]
[WhiteElo "2791"]
[BlackElo "2608"]
[WhiteTeam "RUS"]
[BlackTeam "RUS"]
[WhiteClock "0:00:01"]
[BlackClock "0:00:12"]

1. e4 c5 2. Nf3 e6 3. Nc3 Nc6 4. h3 a6 5. d4 cxd4 6. Nxd4 Qc7 7. Nxc6 bxc6 8. Bd3 d5 9. O-O Nf6 10. Qf3 Bd6 11. Re1 O-O 12. Bg5 Be5 13. Rad1 h6 14. Bc1 Bb7 15. exd5 cxd5 16. Rxe5 Qxe5 17. Bf4 Qh5 18. g4 Qh4 19. Kh2 d4 20. Qxb7 Qxf2+ 21. Kh1 dxc3 22. Rf1 Qd4 23. bxc3 Qd5+ 24. Qxd5 Nxd5 25. Bd2 Rfc8 26. c4 Nb6 27. Be4 Nxc4 28. Bxa8 Nxd2 29. Rd1 Rxc2 30. a4 a5 31. Kg2 g5 32. Kf2 Nc4+ 33. Kf3 Nb6 34. Be4 Rc3+ 35. Kg2 Nxa4 36. Rd8+ Kg7 37. Ra8 Nc5 38. Bc6 a4 39. Ra7 Kf8 40. Bb5 a3 41. Ra8+ Ke7 42. Ra7+ Kd6 43. Rxf7 a2 44. Ra7 Rc2+ 45. Kf3 Nb3 46. Ra6+ Ke5 47. Bd7 a1=Q 0-1

[Event "January 9 Early 2024"]
[Site "https://www.chess.com"]
[Date "2024.01.11"]
[Round "6"]
[White "Astafurov, Arseniy"]
[Black "Krzywda, Andrzej"]
[Result "0-1"]
[Board "215"]
[TimeControl "180+1"]
[WhiteFideId "24175218"]
[BlackFideId "1114565"]
[WhiteElo "2512"]
[BlackElo "2402"]
[WhiteTeam "RUS"]
[BlackTeam "POL"]
[WhiteClock "0:00:04"]
[BlackClock "0:00:09"]

1. c4 e6 2. Nf3 d5 3. g3 Nf6 4. Bg2 dxc4 5. Qa4+ Bd7 6. Qxc4 c5 7. Ne5 Qc8 8. Qd3 Nc6 9. Nxd7 Nxd7 10. Nc3 Be7 11. O-O O-O 12. b3 Rd8 13. Bb2 Nf6 14. Qc2 Qc7 15. Ne4 Nd4 16. Bxd4 Rxd4 17. e3 Rdd8 18. Rac1 Rac8 19. Nxf6+ Bxf6 20. d4 b6 21. Rfd1 Qb8 22. d5 Qe5 23. Qc4 exd5 24. Bxd5 Rd7 25. a4 Rcd8 26. e4 g5 27. Rd3 Kg7 28. Rcd1 g4 29. Qc1 Bg5 30. Qc2 h5 31. Qe2 Rd6 32. Kg2 Rg6 33. Rf1 Rf6 34. Qc2 Rdd6 35. Qc4 h4 36. Qc2 h3+ 37. Kg1 Rd8 38. Qd1 Rxd5 39. exd5 Qe4 40. f3 Be3+ 41. Kh1 gxf3 42. Rxe3 Qxe3 43. Qe1 Qxe1 44. Rxe1 f2 45. Rf1 Kf8 0-1

[Event "January 9 Early 2024"]
[Site "https://www.chess.com"]
[Date "2024.01.11"]
[Round "6"]
[White "Tharushi, T H D Niklesha"]
[Black "Filipovic, Slobodan J"]
[Result "1-0"]
[Board "216"]
[TimeControl "180+1"]
[WhiteFideId "9918264"]
[BlackFideId "939633"]
[WhiteElo "2257"]
[BlackElo "2385"]
[WhiteTeam "SRI"]
[BlackTeam "SRB"]
[WhiteClock "0:00:27"]
[BlackClock "0:00:18"]

1. d4 Nf6 2. Nf3 e6 3. g3 c5 4. Bg2 cxd4 5. Nxd4 d5 6. c3 Bc5 7. Nb3 Bb6 8. O-O O-O 9. Bf4 Nc6 10. N1d2 a5 11. Nf3 a4 12. Nbd4 Ne7 13. Ne5 Nh5 14. Be3 Nf6 15. Qc2 Bd7 16. Rad1 Be8 17. h3 Nc8 18. g4 Nd6 19. f3 Rc8 20. Bf2 Nd7 21. Nxd7 Bxd7 22. e3 Nc4 23. b3 axb3 24. axb3 Nd6 25. e4 e5 26. Nf5 Bxf5 27. exf5 d4 28. c4 Bc5 29. f4 exf4 30. Bxd4 Bxd4+ 31. Rxd4 Qb6 32. Qf2 Qc7 33. Qxf4 f6 34. Qxd6 Qxd6 35. Rxd6 b5 36. Bd5+ Kh8 37. Be6 Rb8 38. Rfd1 bxc4 39. bxc4 Rb2 40. Rd8 Rb8 41. Rxf8+ Rxf8 42. c5 g6 43. c6 gxf5 44. gxf5 Kg7 45. c7 Kh6 46. c8=Q Rxc8 47. Bxc8 Kg5 48. Rd7 h5 49. Rg7+ Kh4 50. Rh7 Kg5 51. Kf2 Kh4 52. Kf3 Kg5 53. h4+ Kxh4 54. Kf4 Kh3 55. Bb7 Kh2 56. Rxh5+ Kg1 57. Rh6 Kf2 58. Rxf6 Ke2 59. Re6+ Kd2 60. f6 Kc3 61. f7 Kb4 62. f8=Q+ Ka5 63. Qc5+ 1-0